 Dungeon Sprint DCSS version 0.31.0-1-g2c135a0 (webtiles) character file.

Game seed: 6848975606499152186

3395 PurpleRed the Devastator (level 9, -6/56 HPs)
             Began as a Deep Elf Conjurer on Mar 9, 2024.
             Was an Elder of Vehumet.
             Killed from afar by a crystal guardian (57 damage)
             ... with a crystal bolt
             ... in the Dungeon (Sprint II: "The Violet Keep of Menkaure").
             The game lasted 00:11:50 (921 turns).

PurpleRed the Devastator (Deep Elf Conjurer)         Turns: 921, Time: 00:11:50

Health: -6/56      AC:  8    Str:  4    XL:     9   Next: 75%
Magic:  9/30       EV: 11    Int: 28    God:    Vehumet [****..]
Gold:   160        SH:  0    Dex: 16    Spells: 28/39 levels left

rFire   + + .        (no weapon)
rCold   x x .        (no shield)
rNeg    . . .        f - +3 salamander hide armour {Flames, rFlCloud rF++ rC--}
rPois   .            (no helmet)
rElec   .            (no cloak)
rCorr   .            e - +1 pair of gloves {Dex+3}
SInv    .            (no boots)
Will    .....        (no amulet)
Stlth   ++           (no ring)
HPRegen 0.29/turn    (no ring)
MPRegen 0.22/turn

%: no teleportation
@: no status effects
A: no striking features
a: Renounce Religion


You were in the Dungeon.
You worshipped Vehumet.
Vehumet was greatly pleased with you.
You visited 1 branch You collected 810 gold pieces.
You spent 650 gold pieces at shops.

Inventory:

Hand Weapons
 h - a +4 arbalest
Armour
 a - a +0 robe
 e - a +1 pair of gloves of dexterity (worn)
 f - the +3 salamander hide armour (worn) {Flames, rFlCloud rF++ rC--}
   (You bought it in a shop in the Dungeon)

   Flames:    It surrounds you with flame clouds and enhances your fire magic.
   rFlCloud:  It grants immunity to flame clouds.
   rF++:      It greatly protects you from fire.
   rC--:      It makes you very vulnerable to cold.
Scrolls
 g - a scroll of blinking
Potions
 b - 2 potions of magic
 c - a potion of curing


   Skills:
 + Level 6.6 Fighting
 - Level 2.4 Dodging
 - Level 2.4 Stealth
 + Level 15.5 Spellcasting
 * Level 17.7 Conjurations
 - Level 3.0 Translocations
 + Level 6.7 Fire Magic
 - Level 3.0 Alchemy


You had 28 spell levels left.
You knew the following spells:

 Your Spells              Type           Power      Damage    Failure   Level
a - Magic Dart            Conj           100%       1d8       0%          1
b - Searing Ray           Conj           100%       2d8       0%          2
c - Fulminant Prism       Conj/Alch      34%        3d15      1%          4
d - Iskenderun's Mystic   Conj/Tloc      68%        2d14      1%          4

Your spell library contained the following spells:

 Spells                   Type           Power      Damage    Failure   Level
 Scorch                   Fire           100%       2d9       1%          2
 Ensorcelled Hibernation  Hex/Ice        42%        N/A       6%          2
 Fugue of the Fallen      Necr           21%        N/A       12%         3
 Anguish                  Hex/Necr       10%        N/A       38%         4


Dungeon Overview and Level Annotations

Branches:
Dungeon (1/1)

Altars:
Cheibriados
Dithmenos
Elyvilon
Fedhas
Gozag
Hepliaklqana
Kikubaaqudgha
Makhleb
Nemelex Xobeh
Okawaru
Qazlal
Ru
Sif Muna
Trog
Uskayaw
Vehumet
Wu Jian
Xom
Yredelemnul
Zin
The Shining One
Jiyva
Lugonu

Shops:
D :?!==(?[:[[(*![

Annotations:
D exclusions: ice statue and oklob plant


Message History

Casting: Fulminant Prism (safe; 1% risk of failure)
Confirm with . or Enter, or press ? or * to list all spells.
Aiming: Fulminant Prism (safe; 1% risk of failure)
Press: ? - help, Dir - move target You conjure a prism of explosive energy!
A fulminant prism comes into view.
The crystal guardian hits your fulminant prism!
The crystal guardian fires a crystalline bolt at you.
The crystal bolt burns you! You resist. The crystal bolt burns you! You resist.
Your fulminant prism crackles loudly.
The crystal guardian hits your fulminant prism!!
Your fulminant prism explodes!
The blast of energy engulfs the crystal guardian but does no damage.
The crystal guardian is heavily damaged.
Casting: Fulminant Prism (safe; 1% risk of failure)
Confirm with . or Enter, or press ? or * to list all spells.
Aiming: Fulminant Prism (safe; 1% risk of failure)
Press: ? - help, Dir - move target You conjure a prism of explosive energy!
A fulminant prism comes into view.
You feel much better.
Your fulminant prism crackles loudly.
Casting: Fulminant Prism (safe; 1% risk of failure)
Confirm with . or Enter, or press ? or * to list all spells.
You erupt in a blast of force!
The mystic blast hits the crystal guardian but does no damage.
The crystal guardian is heavily damaged.
Your fulminant prism explodes!
The blast of energy engulfs the crystal guardian but does no damage.
The crystal guardian is heavily damaged.
Casting: Iskenderun's Mystic Blast (safe; 1% risk of failure)
Confirm with . or Enter, or press ? or * to list all spells.
You erupt in a blast of force!
The mystic blast hits the crystal guardian but does no damage.
The crystal guardian is heavily damaged.
The crystal guardian fires a crystalline bolt at you.
The crystal bolt misses you. The crystal bolt freezes you!!!
You feel a terrible chill!
Ouch! That really hurt!
You die...

..## #.^##.#▓[$$??"$$▓▓
#..# +.^#..#▓)[[$()!(▓▓
#..# #..#..#▓?""(?([$▓
+.§####.^##.#▓)?[($($$
#.§..###...##▓▓▓▓▓▓▓+▓▓
#.§....~~~÷~~~~~~~~~..
~~§....~#'########+###
~~~~~..~#_†_...☼○#l~~##
~~~~~~.~#._._..9@#l§≈≈##
§§§~§~~~#_._._.°○#l§~§≈#
~§§≈≈~~~#._._._..#§~§≈≈≈
§≈≈§§≈≈~#_._._._.#§~~~~≈
≈≈≈###≈§#._._._._#~~§§§~
#§§# #§≈#.._._._.#§~≈≈≈§
+§§# #≈§#._._._..#~§§§▓▓
# §≈§≈≈≈##########~≈≈≈▓z
######~~~~~~~~~§≈§≈▓z


You could see a crystal guardian and 3 crocodiles.

Vanquished Creatures
  2 death drakes (D)
  A merfolk siren (D)
  A yaktaur (D)
  A hornet (D)
  3 polar bears (D)
  A blink frog (D)
  Menkaure (D)
  A swamp drake (D)
  2 crocodiles (D)
  4 necrophages (D)
  4 scorpions (D)
21 creatures vanquished.

Vanquished Creatures (others)
  17 fulminant prisms (D)
17 creatures vanquished.

Grand Total: 38 creatures vanquished

Notes
Turn   | Place    | Note
-------+----------+-------------------------------------------
     0 | D        | PurpleRed the Deep Elf Conjurer began the quest for the
                  | Orb.
     0 | D        | Reached XP level 1. HP: 10/10 MP: 6/6
     2 | D        | Noticed a scorpion
     2 | D        | Noticed a scorpion
     2 | D        | Noticed a scorpion
     2 | D        | Noticed a scorpion
     9 | D        | Killed a scorpion
    10 | D        | Reached skill level 5 in Spellcasting
    10 | D        | Reached skill level 7 in Conjurations
    10 | D        | Reached XP level 2. HP: 18/18 MP: 5/10
    10 | D        | Reached XP level 3. HP: 22/22 MP: 6/12
    12 | D        | Killed a scorpion
    13 | D        | Reached skill level 8 in Conjurations
    13 | D        | Reached XP level 4. HP: 28/28 MP: 6/14
    19 | D        | Learned a level 2 spell: Searing Ray
    24 | D        | Learned a level 4 spell: Fulminant Prism
    29 | D        | Learned a level 4 spell: Iskenderun's Mystic Blast
    45 | D        | Killed a scorpion
    45 | D        | Killed a scorpion
    46 | D        | Reached skill level 10 in Conjurations
    46 | D        | Reached XP level 5. HP: 25/33 MP: 10/18
    52 | D        | Noticed a crocodile
    56 | D        | Killed a crocodile
    57 | D        | Noticed Menkaure
    63 | D        | Killed Menkaure
    64 | D        | Reached skill level 10 in Spellcasting
    64 | D        | Reached skill level 12 in Conjurations
    64 | D        | Reached XP level 6. HP: 15/38 MP: 0/21
    65 | D        | Found an iron altar of Okawaru.
    65 | D        | Found a radiant altar of Vehumet.
    66 | D        | Found a sparkling altar of Nemelex Xobeh.
    66 | D        | Found a hide-covered altar of Uskayaw.
    66 | D        | Found a glowing silver altar of Zin.
    67 | D        | Found an opulent altar of Gozag.
    67 | D        | Found a burning altar of Makhleb.
    67 | D        | Found a bloodstained altar of Trog.
    68 | D        | Found a blossoming altar of Fedhas.
    68 | D        | Found a corrupted altar of Lugonu.
    68 | D        | Found a basalt altar of Yredelemnul.
    68 | D        | Found a shimmering blue altar of Sif Muna.
    69 | D        | Found a white marble altar of Elyvilon.
    69 | D        | Found an ancient bone altar of Kikubaaqudgha.
    70 | D        | Found a shadowy altar of Dithmenos.
    70 | D        | Found a viscous altar of Jiyva.
    71 | D        | Found a snail-covered altar of Cheibriados.
    73 | D        | Found a shimmering altar of Xom.
    73 | D        | Found a sacrificial altar of Ru.
    73 | D        | Found a hazy altar of Hepliaklqana.
    74 | D        | Found a glowing golden altar of the Shining One.
    74 | D        | Found an ornate altar of the Wu Jian Council.
    74 | D        | Found a stormy altar of Qazlal.
    78 | D        | Became a worshipper of Vehumet
    95 | D        | Noticed an ice statue
    98 | D        | Found Jissewed's Antique Armour Shop.
    99 | D        | Found Cubun's Distillery.
   100 | D        | Found Dojuaq's Weapon Boutique.
   101 | D        | Found Wiyfygi Kura's Armour Shop.
   101 | D        | Found Xetoism's Book Boutique.
   102 | D        | Found Nefyx's Antique Weapon Boutique.
   102 | D        | Found Diklatza's Jewellery Shop.
   102 | D        | Found Riynt's Antique Armour Shop.
   103 | D        | Found Dackonki's Distillery.
   103 | D        | Found Sacoilic's Magic Scroll Boutique.
   103 | D        | Found Tasut's Armour Shop.
   103 | D        | Found Wemipar's Jewellery Boutique.
   103 | D        | Noticed a fire dragon
   104 | D        | Found Fovynock's General Store.
   104 | D        | Found Emaggyw's Magic Scroll Boutique.
   106 | D        | Noticed an oklob plant
   106 | D        | Noticed a polar bear
   106 | D        | Noticed a polar bear
   107 | D        | Found Zunnam's Book Shoppe.
   188 | D        | Noticed a hell hog
   189 | D        | Noticed a hell hog
   244 | D        | Noticed a boulder beetle
   244 | D        | Noticed a boulder beetle
   251 | D        | Noticed a blink frog
   254 | D        | Killed a blink frog
   255 | D        | Reached skill level 13 in Conjurations
   255 | D        | Reached XP level 7. HP: 14/43 MP: 13/24
   424 | D        | Reached * piety under Vehumet
   424 | D        | Offered knowledge of Freeze by Vehumet.
   428 | D        | Reached skill level 14 in Conjurations
   429 | D        | Reached ** piety under Vehumet
   541 | D        | Noticed a merfolk siren
   548 | D        | Killed a merfolk siren
   549 | D        | Reached skill level 15 in Conjurations
   549 | D        | Reached XP level 8. HP: 48/48 MP: 19/27
   648 | D        | Bought a pair of embroidered gloves for 202 gold pieces
   666 | D        | Bought the +3 salamander hide armour {Flames, rFlCloud rF++
                  | rC--} for 448 gold pieces
   666 | D        | Found the +3 salamander hide armour {Flames, rFlCloud rF++
                  | rC--}
   705 | D        | Noticed a hornet
   705 | D        | Noticed a polar bear
   705 | D        | Noticed a polar bear
   706 | D        | Noticed a polar bear
   707 | D        | Noticed a yaktaur
   708 | D        | Killed a polar bear
   708 | D        | Offered knowledge of Sting by Vehumet.
   709 | D        | Killed a polar bear
   710 | D        | Noticed a death drake
   711 | D        | Killed a polar bear
   711 | D        | Reached *** piety under Vehumet
   711 | D        | Killed a hornet
   712 | D        | Reached skill level 5 in Fighting
   712 | D        | Reached skill level 16 in Conjurations
   712 | D        | Reached XP level 9. HP: 54/54 MP: 19/29
   717 | D        | Killed a yaktaur
   718 | D        | Reached skill level 5 in Fire Magic
   718 | D        | Killed a death drake
   718 | D        | Reached **** piety under Vehumet
   719 | D        | Reached skill level 15 in Spellcasting
   719 | D        | Reached skill level 17 in Conjurations
   819 | D        | Noticed a death drake
   826 | D        | Noticed a crystal guardian
   911 | D        | Killed a death drake
   911 | D        | Offered knowledge of Scorch by Vehumet.
   921 | D        | Killed from afar by a crystal guardian

Illustrated notes

Levels and vault maps discovered:
D:        the_violet_keep_of_menkaure [sprint2_stairs_cluster_1,
          sprint2_shoproom, sprint2_temple, sprint2_basic_supplies,
          sprint2_obstacle_2, sprint2_obstacle_4, sprint2_obstacle_1,
          sprint2_obstacle_3, sprint2_obstacle_6, sprint2_timed_cluster_1,
          sprint2_smallroom_cluster_1, sprint2_smallroom_final_cluster_1,
          sprint2_transparent_cluster_1, sprint2_second_timed_cluster_1,
          sprint2_sniper_area_1, sprint2_heavy_combat_area_1,
          sprint2_mutation_trap_area_1, sprint2_forest_area_1,
          sprint2_light_combat_area_1, sprint2_behind_water_1,
          sprint2_near_end_vault_1]

Skill      XL: |  1  2  3  4  5  6  7  8  9 |
---------------+----------------------------+-----
Fighting       | 2 3 4 5 6 |  6.6
Spellcasting   | 5 6 9 10 11 13 14 15 | 15.5
Conjurations   | 7 8 10 12 13 15 16 17 | 17.7
Translocations | 2 3 |  3.0
Alchemy        | 2 3 |  3.0
Fire Magic     | 4 6 |  6.7
Dodging        | |  2.4
Stealth        | |  2.4

Action                     |  1- 3 |  4- 6 |  7- 9 || total
---------------------------+-------+-------+-------++-------
  Melee: Unarmed           |     8 |       |       ||     8
   Cast: Magic Dart        |     1 |     4 |       ||     5
         Iskenderun's Myst |       |     6 |     7 ||    13
         Fulminant Prism   |       |     2 |    15 ||    17
         Searing Ray       |       |     3 |       ||     3
    Use: Potion            |     2 |     1 |     1 ||     4
 Armour: Robe              |     1 |     5 |     2 ||     8
         Leather armour    |       |       |     5 ||     5
  Dodge: Dodged            |     4 |     5 |     2 ||    11
